 Dungeon Crawl Stone Soup version 0.23.2-30-g0e89c35649 (webtiles) character file.

Game seed: 7271905347842076453

124 Jukra the Slasher (level 4, -4/41 HPs)
             Began as a Minotaur Berserker on June 19, 2019.
             Was a Believer of Trog.
             Slain by Grinder (6 damage)
             ... on level 3 of the Dungeon.
             The game lasted 00:09:19 (2122 turns).

Jukra the Slasher (Minotaur Berserker)              Turns: 2122, Time: 00:09:20

Health: -4/41      AC: 10    Str: 23    XL:     4   Next: 81%
Magic:  3/3        EV:  9    Int:  4    God:    Trog [**....]
Gold:   219        SH:  0    Dex:  9    Spells: 3/3 levels left

rFire    . . .     SeeInvis .   a - +0 falchion
rCold    . . .     Gourm    .   (no shield)
rNeg     . . .     Faith    .   h - +0 chain mail (curse)
rPois    .         Spirit   .   (helmet restricted)
rElec    .         Reflect  .   (no cloak)
rCorr    .         Harm     .   o - +0 pair of gloves
MR       .....                  (no boots)
Stlth    ..........             (no amulet)
HPRegen  0.13/turn              (no ring)
MPRegen  0.08/turn              (no ring)

@: lethally poisoned (-4 -> -6), berserk cooldown, starving, slowed, very slow
A: retaliatory headbutt, horns 2
a: Berserk, Trog's Hand, Renounce Religion


You were on level 3 of the Dungeon.
You worshipped Trog.
Trog was pleased with you.
You were starving.

You visited 1 branch of the dungeon, and saw 3 of its levels.

You collected 219 gold pieces.

Inventory:

Hand Weapons
 a - a +0 falchion (weapon)
Armour
 e - a +0 leather armour
 h - a cursed +0 chain mail (worn)
 o - a +0 pair of gloves (worn)
Wands
 q - a wand of flame (22)
Scrolls
 d - 5 scrolls of identify {unknown}
 f - a scroll of magic mapping {unknown}
 g - 3 scrolls of remove curse {unknown}
 k - a scroll of enchant weapon {unknown}
 l - a scroll of teleportation {unknown}
 m - a scroll of blinking {unknown}
Potions
 b - a potion of might {unknown}
 i - a potion of curing {unknown}
 j - 3 potions of brilliance {unknown}
 n - 2 potions of haste {unknown}
 p - a potion of flight {unknown}
Comestibles
 c - 6 rations


   Skills:
 + Level 4.5 Fighting
 + Level 5.0 Long Blades
 + Level 3.7 Armour
 + Level 2.8 Dodging


You had 3 spell levels left.
You didn't know any spells.
Your spell library contained the following spells:

 Spells                   Type           Power        Failure   Level  Hunger
 Corona                   Hex            #......      99%         1    ##.....
 Ensorcelled Hibernation  Hex/Ice        #.....       100%        2    ###....
 Confuse                  Hex            #.......     100%        3    ####...
 Dazzling Spray           Conj/Hex       #.....       100%        3    ####...
 Tukima's Dance           Hex            #.......     100%        3    ####...


Dungeon Overview and Level Annotations

Branches:
Dungeon (3/15)

Altars:
Okawaru
Ru
Trog

Annotations:
D:3 Grinder


Innate Abilities, Weirdness & Mutations

You reflexively headbutt those who attack you in melee.
You have a pair of horns on your head.


Message History

Grinder is severely wounded.
Grinder rolls her eyes.
Grinder hits you but does no damage. Grinder gestures at you.
You resist with almost no effort.
You hit Grinder. You headbutt Grinder, but do no damage.
Grinder is severely wounded.
You feel sick. Grinder gestures at you. You resist with almost no effort.
You completely miss Grinder.
Grinder is severely wounded.
Your skin stops crawling.
You feel less resistant to hostile enchantments.
Grinder hits you.
* * * LOW HITPOINT WARNING * * *
You writhe in agony.
* * * LOW HITPOINT WARNING * * *
Grinder hits you.
You die...

.. .....<..#.
####.###### ###.##.# #.
..........# #.)....# #.
..........####......###.
......>.................
.............#......#.#.
...........†.(†.?.......
.............###.#....#.
.......@..)..# #.####.#.
.......5.....# #.. .....
...####.............#.#.
.. #.............#.#.
#.............#.#.
#...###########.#. #...#
#.## #...# #...
########...


You could see Grinder.

Vanquished Creatures
  3 adders (D:3)
  3 oozes
  5 dart slugs
  5 leopard geckos
  2 orcs (D:3)
  5 giant cockroaches
  5 goblins
  3 hobgoblins
  5 jackals (D:3)
  10 kobolds
  2 quokkas
  2 ball pythons
  9 bats
  3 frilled lizards
  7 rats
69 creatures vanquished.

Notes
Turn   | Place    | Note
-------+----------+-------------------------------------------
     0 | D:1      | Jukra the Minotaur Berserker began the quest for the Orb.
     0 | D:1      | Reached XP level 1. HP: 19/19 MP: 0/0
   266 | D:1      | Reached XP level 2. HP: 25/27 MP: 1/1
   294 | D:1      | Reached skill level 4 in Long Blades
   758 | D:1      | Reached XP level 3. HP: 25/33 MP: 2/2
   992 | D:2      | Reached ** piety under Trog
  1041 | D:2      | Found a sacrificial altar of Ru.
  1120 | D:2      | Found an iron altar of Okawaru.
  1497 | D:2      | Found a bloodstained altar of Trog.
  1731 | D:3      | Reached XP level 4. HP: 41/41 MP: 3/3
  2092 | D:3      | Reached skill level 5 in Long Blades
  2098 | D:3      | Noticed Grinder
  2122 | D:3      | HP: 2/41 [Grinder (6)]
  2122 | D:3      | Slain by Grinder

Skill      XL: |  1  2  3  4 |
---------------+-------------+-----
Fighting       | 4 |  4.5
Long Blades    | 4 5 |  5.0
Armour         | 3 |  3.7
Dodging        | |  2.8

Action                   |  1- 3 |  4- 6 || total
-------------------------+-------+-------++-------
Melee: Falchion          |    83 |    62 ||   145
       Headbutt          |    16 |     7 ||    23
Invok: Berserk           |       |     1 ||     1
       Trog's Hand       |       |     1 ||     1
  Eat: Chunk             |     2 |     1 ||     3
Armor: Animal skin       |     7 |       ||     7
       Leather armour    |    15 |       ||    15
       Chain mail        |    24 |    42 ||    66
Dodge: Dodged            |    41 |    46 ||    87
       Rpst.: Falchion   |     9 |    11 ||    20
